 Dungeon Crawl Stone Soup version 0.30.1-3-gfc49f6343a (webtiles) character file.

Game seed: 12013307667468446751

996 booth the Firebug (level 7, -2/46 HPs)
             Began as a Demonspawn Fire Elementalist on July 18, 2023.
             Was an Initiate of Hepliaklqana.
             Slain by a gnoll
             ... wielding a +0 halberd
             ... led by a gnoll bouda
              (6 damage)
             ... on level 5 of the Dungeon on July 19, 2023.
             The game lasted 00:33:33 (4938 turns).

booth the Firebug (Demonspawn Fire Elementalist)    Turns: 4938, Time: 00:33:34

Health: -2/46      AC:  6    Str: 10    XL:     7   Next: 99%
Magic:  1/14       EV: 13    Int: 16    God:    Hepliaklqana [......]
Gold:   258        SH:  0    Dex: 14    Spells: 5/15 levels left

rFire   . . .        g - +3 whip (elec)
rCold   . . .        (no shield)
rNeg    . . .        a - +1 robe
rPois   .            (no helmet)
rElec   .            p - +2 cloak
rCorr   .            (no gloves)
SInv    .            (no boots)
Will    .....        (no amulet)
Stlth   ++           (no ring)
HPRegen 0.27/turn    (no ring)
MPRegen 0.14/turn

%: no passive effects
@: no status effects
A: claws 1, sturdy frame 2, demonic magic 1
a: Renounce Religion


You were on level 5 of the Dungeon.
You worshipped Hepliaklqana.
Hepliaklqana was noncommittal.
You visited 1 branch of the dungeon, and saw 5 of its levels.

You collected 258 gold pieces.

Inventory:

Hand Weapons
 g - a +3 whip of electrocution (weapon)
 o - a +4 quarterstaff of chaos
 q - a +1 hammer of protection
Missiles
 h - 3 boomerangs
 i - 10 poisoned darts (quivered)
 k - 4 javelins
Armour
 a - a +1 robe (worn)
 p - a +2 cloak (worn)
Wands
 c - a wand of roots (10)
 m - a wand of charming (10)
Scrolls
 l - a scroll of magic mapping {unknown}
 r - a scroll of vulnerability {unknown}
Potions
 b - 4 potions of magic
 d - a potion of haste
 f - 2 potions of curing
 n - a potion of resistance
 s - a potion of heal wounds {unknown}
 u - a potion of might
 v - a potion of flight {unknown}


   Skills:
 + Level 1.8 Maces & Flails
 + Level 3.4 Dodging
 + Level 3.6 Stealth
 * Level 4.7 Spellcasting
 + Level 3.3 Conjurations
 * Level 5.1 Fire Magic


You had 5 spell levels left.
You knew the following spells:

 Your Spells              Type           Power      Damage    Failure   Level
a - Foxfire               Conj/Fire      68%        2x1d7     2%          1
b - Scorch                Fire           40%        2d7       2%          2
c - Inner Flame           Hex/Fire       12%        N/A       16%         3
d - Flame Wave            Conj/Fire      17%        2d7       26%         4

Your spell library contained the following spells:

 Spells                   Type           Power      Damage    Failure   Level
 Volatile Blastmotes      Fire/Tloc      24%        2d12      16%         3
 Leda's Liquefaction      Hex/Erth       1%         N/A       83%         4
 Alistair's Intoxication  Tmut/Pois      2%         N/A       99%         5
 Borgnjor's Vile Clutch   Necr/Erth      1%         N/A       99%         5
 Lee's Rapid Deconstruct  Erth           1%         3d4*      99%         5
 Eringya's Noxious Bog    Tmut/Pois      1%         N/A       100%        6
 Statue Form              Tmut/Erth      2%         N/A       100%        6


Dungeon Overview and Level Annotations

Branches:
Dungeon (5/15)
 Temple: D:4-7

Altars:
Hepliaklqana
Nemelex Xobeh
Uskayaw


Innate Abilities, Weirdness & Mutations

You have sharp fingernails.
Your movements are less encumbered by armour. (ER -4)
Spells you cast may paralyse adjacent enemies.


Message History

Malevolent energies surge around you.
The gnoll is no longer moving quickly.
The foxfire hits the gnoll bouda but does no damage.
The gnoll bouda is heavily wounded.
The foxfire hits the gnoll bouda.
The gnoll bouda is severely wounded.
The gnoll hits you from afar with a +0 halberd!
The gnoll bouda hits you from afar with a +0 spear.
Press: ? - help, v - describe, . - travel The floor.
Casting: Scorch (safe; 3% risk of failure)
Confirm with . or Enter, or press ? or * to list all spells.
Flames lash the gnoll bouda.
You kill the gnoll bouda!
Malevolent energies surge around you. The gnoll closely misses you.
Casting: Scorch (safe; 3% risk of failure)
Confirm with . or Enter, or press ? or * to list all spells.
Flames lash the dart slug.
The dart slug is almost dead.
The dart slug's fire resistance burns away.
Malevolent energies surge around you.
The gnoll hits you from afar with a +0 halberd.
Casting: Scorch (safe; 3% risk of failure)
Confirm with . or Enter, or press ? or * to list all spells.
Flames lash the dart slug.
The dart slug is burned terribly!
You kill the dart slug!
Malevolent energies surge around you.
The gnoll hits you from afar with a +0 halberd!
* * * LOW HITPOINT WARNING * * *
The gnoll barely misses you.
Casting: Scorch (safe; 3% risk of failure)
Confirm with . or Enter, or press ? or * to list all spells.
Flames lash the gnoll.
The gnoll is severely wounded.
The gnoll's fire resistance burns away.
Malevolent energies surge around you. The gnoll misses you.
You hit the gnoll. Lightning courses through the gnoll!
You kill the gnoll!
The gnoll barely misses you.
The gnoll hits you from afar with a +0 halberd.
You die...

##.##$$.##.####........
#..#####..#...##......
##.......##...# ......
##########...# .)...
#...# +##.. #...# .
#####...# #. #[(.'g..+
#...#####)###).@######.
#...$...))†##.)........
#.......)..####.######.
#..........# #+#
#..........#
#..........#
...........#
...........#
...#........


You could see a gnoll.

Vanquished Creatures
  2 black bears
  An ogre (D:4)
  A phantom (D:4)
  Crazy Yiuf (D:3)
  An orc priest (D:3)
  6 hounds
  A gnoll bouda (D:5)
  Jessica (D:3)
  Natasha (thrice) (D:3)
  An orc wizard (D:5)
  15 gnolls
  4 adders
  An ufetubus (D:5)
  A worm (D:4)
  A dart slug (D:5)
  11 orcs
  5 endoplasms
  6 giant cockroaches
  3 goblins
  3 hobgoblins
  2 jackals (D:3)
  7 kobolds
  A quokka (D:1)
  7 ball pythons
  4 bats
  3 frilled lizards
  4 rats
96 creatures vanquished.

Vanquished Creatures (others)
  163 foxfires
163 creatures vanquished.

Grand Total: 259 creatures vanquished

Notes
Turn   | Place    | Note
-------+----------+-------------------------------------------
     0 | D:1      | booth the Demonspawn Fire Elementalist began the quest for
                  | the Orb.
     0 | D:1      | Reached XP level 1. HP: 13/13 MP: 3/3
   223 | D:1      | Gained mutation: Spells you cast may paralyse adjacent
                  | enemies. [demonic ancestry]
   223 | D:1      | Reached XP level 2. HP: 19/19 MP: 3/5
   375 | D:1      | Reached skill level 3 in Fire Magic
   709 | D:2      | Learned a level 2 spell: Scorch
   892 | D:2      | Gained mutation: You have sharp fingernails. [demonic
                  | ancestry]
   892 | D:2      | Reached XP level 3. HP: 24/24 MP: 6/6
  1974 | D:3      | Learned a level 3 spell: Inner Flame
  2076 | D:3      | Gained mutation: Your movements are slightly less
                  | encumbered by armour. (ER -2) [demonic ancestry]
  2076 | D:3      | Reached XP level 4. HP: 30/30 MP: 3/8
  2309 | D:3      | Reached XP level 5. HP: 20/35 MP: 3/9
  2475 | D:3      | Noticed Natasha
  2485 | D:3      | Killed Natasha
  2538 | D:3      | Noticed Natasha
  2548 | D:3      | Killed Natasha
  2562 | D:3      | Learned a level 4 spell: Flame Wave
  2587 | D:3      | Noticed Natasha
  2606 | D:3      | Killed Natasha
  2607 | D:3      | Reached skill level 4 in Fire Magic
  2893 | D:3      | Found a faded altar of an unknown god.
  2893 | D:3      | Noticed Jessica
  2908 | D:3      | Killed Jessica
  2909 | D:3      | Gained mutation: Your movements are less encumbered by
                  | armour. (ER -4) [demonic ancestry]
  2909 | D:3      | Reached XP level 6. HP: 41/41 MP: 8/11
  2911 | D:3      | Found a hazy altar of Hepliaklqana.
  2929 | D:3      | Became a worshipper of Hepliaklqana the Forgotten
  3115 | D:3      | Found a runed translucent door.
  3116 | D:3      | Noticed Crazy Yiuf
  3128 | D:3      | Killed Crazy Yiuf
  3341 | D:4      | Found a sparkling altar of Nemelex Xobeh.
  3345 | D:4      | Found a hide-covered altar of Uskayaw.
  3429 | D:4      | Reached XP level 7. HP: 46/46 MP: 6/13
  3441 | D:4      | Reached skill level 1 in Maces & Flails
  4354 | D:5      | Entered Level 5 of the Dungeon
  4765 | D:5      | Reached skill level 5 in Fire Magic
  4938 | D:5      | Slain by a gnoll

Illustrated notes

Levels and vault maps discovered:
D:1:      heliophobic_arrival_ceremonial_halls, layout_rooms,
          chequers_serial_rivers_micro_b
D:2:      layout_basic, grunt_decor_resistance, kennysheep_generic_room_8
D:3:      cheibrodos_pilgrimage, layout_basic, nicolae_elyvilon_temple_path,
          beargit_hepliaklqana_dungeon_heroes, uniq_crazy_yiuf_cottage,
          uniq_natasha
D:4:      layout_basic, mainiacjoe_overflow_catwalk_spiral,
          eino_small_chamber_without_monster, dreamdust_princess_corridor,
          dreamdust_gnoll_farm
D:5:      cheibrodos_quashed, layout_basic, kennysheep_mini_moat, temple_green,
          minivault_24

Skill      XL: |  1  2  3  4  5  6  7 |
---------------+----------------------+-----
Dodging        | 2 3 |  3.4
Stealth        | 2 3 |  3.6
Fire Magic     | 3 4 5 |  5.1
Spellcasting   | 3 4 |  4.7
Conjurations   | 2 3 |  3.3
Maces & Flails | 1 |  1.8

Action                     |  1- 3 |  4- 6 |  7- 9 || total
---------------------------+-------+-------+-------++-------
  Melee: Unarmed           |     9 |       |       ||     9
         Whip              |    23 |    44 |    63 ||   130
  Throw: Dart              |       |    10 |     5 ||    15
         Boomerang         |       |     1 |       ||     1
   Cast: Foxfire           |    41 |    30 |    29 ||   100
         Scorch            |     2 |     8 |    11 ||    21
    Use: Scroll            |     4 |     2 |     3 ||     9
         Potion            |     1 |     4 |     1 ||     6
   Stab: Paralysed         |     6 |     4 |     1 ||    11
         Sleeping          |       |     1 |     3 ||     4
 Armour: Robe              |     6 |     8 |    19 ||    33
  Dodge: Dodged            |    24 |    25 |    52 ||   101
